 Dungeon Crawl Stone Soup version 0.31-a0-854-g362426d53f (webtiles) character file.

Game seed: 7970377303232058954

14959 mortress the Destroyer (level 11, -5/90 HPs)
             Began as a Demonspawn Fire Elementalist on Oct 8, 2023.
             Was a Priest of Ashenzari.
             Shot with an arrow by a deep elf archer (22 damage)
             ... on level 1 of the Elven Halls.
             The game lasted 00:48:06 (14223 turns).

mortress the Destroyer (DsFE)                      Turns: 14223, Time: 00:48:07

Health: -5/90      AC: 13    Str:  8    XL:     11   Next: 95%
Magic:  3/25       EV: 14    Int: 22    God:    Ashenzari [***...]
Gold:   1096       SH:  0    Dex: 13    Spells: 5/30 levels left

rFire   . . .        C - +1 dagger "Bound Together" {venom, Melee, Cun} (curse)
rCold   . . .        (no shield)
rNeg    + . .        j - +0 steam dragon scales "Enlightened Adversity" {Melee, Bglg} (curse)
rPois   +            D - +1 helmet "All-seeing Cynicism" {Melee, Elem} (curse)
rElec   .            p - +0 cloak
rCorr   .            h - +0 pair of gloves
SInv    +            r - +0 pair of boots
Will    .....        N - amulet of the acrobat
Stlth   ++++         o - ring of the Ruined Planets {Wiz, Bglg, Range} (curse)
HPRegen 0.35/turn    E - ring of the Esoteric Sorrow {rPois rN+ Stlth+, Comp, Self} (curse)
MPRegen 0.19/turn

%: acrobat, clarity, wizardry (x1)
@: on berserk cooldown, slowed, invisible, very slow
A: icy blue scales 2, foul stench 2, spiny 2
a: Renounce Religion, Shatter the Chains


You were on level 1 of the Elven Halls.
You worshipped Ashenzari.
Ashenzari was most pleased with you.
You visited 3 branches of the dungeon, and saw 13 of its levels.

You collected 1096 gold pieces.

Inventory:

Hand Weapons
 C - the cursed +1 dagger "Bound Together" (weapon) {venom, Melee, Cun}
   (You took it off a goblin on level 4 of the Dungeon)

   It has a curse which improves the following skills: Melee Combat: Short
   Blades, Long Blades, Axes, Maces & Flails, Polearms, Staves and Unarmed
   Combat.
   Cunning:   Dodging and Stealth.
Missiles
 y - 46 poisoned darts (quivered)
 M - 2 throwing nets
Armour
 h - a +0 pair of gloves (worn)
 j - the cursed +0 steam dragon scales "Enlightened Adversity" (worn) {Melee, Bglg}
   (You found it on level 6 of the Dungeon)

   It has a curse which improves the following skills: Melee Combat: Short
   Blades, Long Blades, Axes, Maces & Flails, Polearms, Staves and Unarmed
   Combat.
   Beguiling: Conjurations, Hexes and Translocations.
 p - a +0 cloak (worn)
 r - a +0 pair of boots (worn)
 D - the cursed +1 helmet "All-seeing Cynicism" (worn) {Melee, Elem}
   (You took it off Robin on level 4 of the Dungeon)

   It has a curse which improves the following skills: Melee Combat: Short
   Blades, Long Blades, Axes, Maces & Flails, Polearms, Staves and Unarmed
   Combat.
   Elements:  Fire Magic, Ice Magic, Air Magic and Earth Magic.
Jewellery
 o - the cursed ring of the Ruined Planets (left hand) {Wiz, Bglg, Range}
   (You found it on level 3 of the Dungeon)

   [ring of wizardry]

   Wiz:       It improves your spell success rate.
   It has a curse which improves the following skills: Beguiling: Conjurations,
   Hexes and Translocations.
   Ranged Combat: Ranged Weapons and Throwing.
 q - a ring of protection from fire
 E - the cursed ring of the Esoteric Sorrow (right hand) {rPois rN+ Stlth+, Comp, Self}
   (You found it on level 7 of the Dungeon)

   [ring of positive energy]

   rPois:     It protects you from poison rN+: It protects you from negative
   energy.
   Stlth+:    It makes you more stealthy.
   It has a curse which improves the following skills: Companions: Summonings
   and Necromancy.
   Introspection: Fighting and Spellcasting.
 K - a ring of fire
 N - an amulet of the acrobat (around neck)
Wands
 G - a wand of digging (9)
 I - a wand of charming (12)
 L - a wand of mindburst (11)
 O - a wand of acid (1)
Scrolls
 c - 3 scrolls of fog
 e - 2 scrolls of enchant weapon
 f - 4 scrolls of teleportation
 g - 2 scrolls of amnesia
 i - 4 scrolls of immolation
 l - 2 scrolls of noise
 n - a scroll of silence
 s - 2 scrolls of enchant armour
 w - a scroll of torment
 F - 2 scrolls of vulnerability
Potions
 b - a potion of magic
 d - 3 potions of attraction
 k - 2 potions of degeneration
 m - 2 potions of lignification
 t - 2 potions of enlightenment
 u - 5 potions of mutation
 v - 5 potions of might
 x - a potion of berserk rage
 z - 3 potions of curing
 A - 3 potions of brilliance
 H - 2 potions of haste
 J - a potion of ambrosia


   Skills:
 + Level 8.6(10.1) Fighting
 + Level 5.0(7.8) Short Blades
 - Level 4.0(5.3) Dodging
 - Level 4.0(5.3) Stealth
 + Level 8.4(10.0) Spellcasting
 + Level 9.0(11.2) Conjurations
 + Level 8.6(10.1) Fire Magic
 + Level 3.1(4.4) Air Magic


You had 5 spell levels left.
You knew the following spells:

 Your Spells              Type           Power      Damage    Failure   Level
a - Foxfire               Conj/Fire      100%       2x1d9     1%          1
b - Scorch                Fire           100%       2d9       1%          2
c - Flame Wave            Conj/Fire      55%        2d13      1%          4
d - Volatile Blastmotes   Fire/Tloc      68%        2d15      1%          3
e - Inner Flame           Hex/Fire       34%        N/A       1%          3
f - Starburst             Conj/Fire      27%        6d9       4%          6
g - Plasma Beam           Fire/Air       21%        2x1d33    17%         6

Your spell library contained the following spells:

 Spells                   Type           Power      Damage    Failure   Level
 Magic Dart               Conj           100%       1d8       1%          1
 Searing Ray              Conj           100%       2d8       1%          2
 Swiftness                Air            30%        N/A       1%          3
 Necrotise                Necr           44%        1d6       2%          1
 Fulminant Prism          Conj/Hex       18%        3d11      2%          4
 Ensorcelled Hibernation  Hex/Ice        22%        N/A       3%          2
 Passwall                 Tmut/Erth      9%         N/A       3%          2
 Sublimation of Blood     Necr           11%        N/A       3%          2
 Wereblood                Tmut           11%        N/A       3%          2
 Frozen Ramparts          Ice            22%        1d4       7%          3
 Vampiric Draining        Necr           11%        2d6       7%          3
 Animate Dead             Necr           11%        N/A       22%         4
 Petrify                  Tmut/Erth      11%        N/A       24%         4
 Metabolic Englaciation   Hex/Ice        5%         N/A       50%         5
 Agony                    Necr           11%        N/A       52%         5
 Haunt                    Necr/Summ      5%         N/A       100%        7
 Summon Hydra             Summ           5%         N/A       100%        7
 Infestation              Necr           5%         N/A       100%        8


Dungeon Overview and Level Annotations

Branches:
Dungeon (10/15)            Temple (0/1) D:7            Lair (0/5) D:10
    Orc (2/2) D:9             Elf (1/3) Orc:2

Altars:
Ashenzari
Fedhas
Hepliaklqana
Nemelex Xobeh
Okawaru
Ru
Vehumet
Wu Jian

Shops:
D:2 [[   D:7 [[=   D:8 [   Orc:1 :   Orc:2 :*

Annotations:
D:4 1 transporter, senf's ghost, novice DsGl


Innate Abilities, Weirdness & Mutations

You are mostly covered in icy blue scales. (AC +3)
You sometimes emit foul miasma when damaged in melee.
You are mostly covered in sharp spines.


Message History

The arrow misses you.
You feel much better.
The deep elf archer mumbles some strange words.
The deep elf archer blinks!
The orc warrior is engulfed in dark miasma.
The orc warrior looks as sick as possible!
You hit the troll.
The troll is heavily wounded.
You kill the orc warrior!
The +0 heavy hand axe is struck by your spines.
The +0 heavy hand axe hits you!
* * * LOW HITPOINT WARNING * * *
The troll bites you!
* * * LOW HITPOINT WARNING * * *
The troll misses you. The troll claws you.
* * * LOW HITPOINT WARNING * * *
You feel much better.
The deep elf archer mumbles some strange words.
The deep elf archer blinks!
The +0 heavy hand axe hits you.
* * * LOW HITPOINT WARNING * * *
You emit a cloud of foul miasma!
The troll is struck by your spines. The troll misses you. The troll claws you.
* * * LOW HITPOINT WARNING * * *
The troll claws you but does no damage.
Okay, then.
You fade into invisibility!
The troll looks more healthy.
The +0 heavy hand axe is struck by your spines.
The +0 heavy hand axe hits you!
* * * LOW HITPOINT WARNING * * *
The troll is struck by your spines. The troll misses you. The troll claws you.
* * * LOW HITPOINT WARNING * * *
The troll barely misses you.
The deep elf archer unwields a +1 short sword of venom.
It stops dripping with poison.
The deep elf archer wields a +1 shortbow of draining.
You sense an unholy aura.
The deep elf archer shoots an arrow.
The arrow completely misses the +0 heavy hand axe.
The arrow hits you!!
You die...

#####
#...#####
#.......
#..○.######
#.<.).T@(.#
#.).#####.#
##### ..
.§e #.. #


You could see a deep elf archer (repels missiles, unable to see you), a troll
(unable to see you) and a +0 heavy hand axe (unable to see you).

Vanquished Creatures
  A stone giant (Orc:2)
  An ettin (Orc:2)
  2 two-headed ogres
  3 death yaks (D:10)
  Pikel (D:6)
  An orc knight (D:9)
  A cyclops (Orc:2)
  An orc sorcerer (Orc:1)
  Maurice (D:8)
  Maggie (D:6)
  A kobold demonologist (D:10)
  An unseen horror (D:10)
  3 trolls
  2 shadows
  2 wraiths
  Sigmund (D:3)
  Eustachio (D:4)
  9 yaks
  4 steam dragons
  Menkaure (D:7)
  A warg (Orc:2)
  Duvessa (D:5)
  3 water moccasins
  8 orc warriors
  An ice beast (D:8)
  A sky beast (D:7)
  9 ogres
  4 centaurs
  2 phantoms
  A lemure (D:6)
  5 kobold brigands
  A bullfrog (D:8)
  A scorpion (D:6)
  Dowan (D:5)
  6 killer bees (D:10)
  4 electric eels (D:9)
  5 howler monkeys
  2 hounds (D:7)
  A jelly (D:4)
  4 orc priests
  Crazy Yiuf (D:3)
  A gnoll bouda (D:9)
  4 iguanas
  8 orc wizards
  A hell rat (D:10)
  Robin (D:4)
  16 gnolls
  6 adders
  2 river rats (D:10)
  A white imp (D:7)
  3 ufetubi
  2 worms (D:3)
  A dart slug (D:3)
  30 orcs
  7 endoplasms
  4 giant cockroaches
  7 goblins
  10 hobgoblins
  7 jackals (D:2)
  7 quokkas
  7 ball pythons
  4 bats
  22 kobolds
  5 rats
256 creatures vanquished.

Vanquished Creatures (others)
  An orc (Orc:1)
  58 foxfires
59 creatures vanquished.

Grand Total: 315 creatures vanquished

Notes
Turn   | Place    | Note
-------+----------+-------------------------------------------
     0 | D:1      | mortress the Demonspawn Fire Elementalist began the quest
                  | for the Orb.
     0 | D:1      | Reached XP level 1. HP: 13/13 MP: 3/3
   468 | D:1      | Gained mutation: You are partially covered in icy blue
                  | scales. (AC +2) [demonic ancestry]
   468 | D:1      | Reached XP level 2. HP: 19/19 MP: 1/5
   810 | D:1      | Learned a level 2 spell: Scorch
  1127 | D:2      | Gained mutation: You may rarely emit foul miasma when
                  | damaged in melee. [demonic ancestry]
  1127 | D:2      | Reached XP level 3. HP: 24/24 MP: 1/6
  1460 | D:2      | Found Ohavoi Erghi's Antique Armour Shop.
  1550 | D:2      | Found Punnef's Armour Shop.
  1826 | D:2      | Reached XP level 4. HP: 30/30 MP: 2/7
  2054 | D:3      | Found a sparkling altar of Nemelex Xobeh.
  2172 | D:3      | Reached skill level 2 in Conjurations
  2208 | D:3      | Learned a level 4 spell: Flame Wave
  2289 | D:3      | Found a runed translucent door.
  2290 | D:3      | Noticed Crazy Yiuf
  2296 | D:3      | Killed Crazy Yiuf
  2399 | D:3      | Gained mutation: You sometimes emit foul miasma when
                  | damaged in melee. [demonic ancestry]
  2399 | D:3      | Reached XP level 5. HP: 36/36 MP: 4/9
  2461 | D:3      | Reached skill level 1 in Fighting
  2659 | D:3      | Noticed Sigmund
  2903 | D:3      | Killed Sigmund
  2904 | D:3      | Reached XP level 6. HP: 44/44 MP: 2/10
  3032 | D:3      | Found a sacrificial altar of Ru.
  3589 | D:3      | Found a blossoming altar of Fedhas.
  3902 | D:4      | Found a transporter.
  3905 | D:4      | Noticed senf's ghost (novice DsGl)
  3921 | D:4      | Noticed Eustachio
  4151 | D:4      | Reached XP level 7. HP: 47/50 MP: 12/12
  4254 | D:4      | Reached skill level 3 in Conjurations
  4369 | D:4      | Learned a level 3 spell: Volatile Blastmotes
  4373 | D:4      | Learned a level 3 spell: Inner Flame
  4491 | D:4      | Found a hazy altar of Hepliaklqana.
  4700 | D:4      | Noticed Robin
  4709 | D:4      | Killed Robin
  5148 | D:4      | Killed Eustachio
  5311 | D:5      | Entered Level 5 of the Dungeon
  5342 | D:4      | Reached XP level 8. HP: 28/58 MP: 0/14
  5654 | D:5      | Noticed Duvessa
  5667 | D:5      | Killed Duvessa
  5668 | D:5      | Reached skill level 4 in Conjurations
  5670 | D:5      | Noticed Dowan
  5821 | D:5      | Killed Dowan
  6680 | D:6      | Reached skill level 5 in Fire Magic
  7045 | D:6      | Reached skill level 5 in Spellcasting
  7045 | D:6      | Reached skill level 5 in Conjurations
  7479 | D:6      | Noticed a troll
  7499 | D:6      | Killed a troll
  7500 | D:6      | Gained mutation: You are partially covered in sharp spines.
                  | [demonic ancestry]
  7500 | D:6      | Reached XP level 9. HP: 49/67 MP: 0/16
  7629 | D:6      | Found an iron altar of Okawaru.
  7635 | D:6      | Noticed Pikel
  7639 | D:6      | Killed Pikel
  7640 | D:6      | Reached skill level 5 in Fighting
  7745 | D:6      | Noticed Maggie
  7756 | D:6      | Killed Maggie
  7757 | D:6      | Reached skill level 6 in Conjurations
  8261 | D:7      | Found a broken altar of Ashenzari.
  8274 | D:7      | Became a worshipper of Ashenzari the Shackled
  8329 | D:7      | Noticed a troll
  8331 | D:7      | Found Inoid's Antique Armour Shoppe.
  8345 | D:7      | Killed a troll
  8533 | D:7      | Found Irphant's Armour Shoppe.
  8720 | D:7      | Identified the ring "Ceggafob" {rPois rN+ Stlth+}
  8831 | D:7      | Found Qyrirph's Jewellery Shop.
  8878 | D:7      | Found a radiant altar of Vehumet.
  8945 | D:7      | Found a staircase to the Ecumenical Temple.
  9019 | D:7      | Noticed Menkaure
  9024 | D:7      | Killed Menkaure
  9025 | D:7      | Gained mutation: You are mostly covered in icy blue scales.
                  | (AC +3) [demonic ancestry]
  9025 | D:7      | Reached XP level 10. HP: 77/77 MP: 12/19
  9337 | D:8      | Noticed Maurice
  9338 | D:8      | Found Ogizidd's Antique Armour Shoppe.
  9348 | D:8      | Something stole 36 poisoned darts
  9349 | D:8      | Killed Maurice
  9388 | D:8      | Found an ornate altar of the Wu Jian Council.
  9422 | D:8      | Reached skill level 1 in Short Blades
  9422 | D:8      | Reached skill level 7 in Conjurations
  9889 | D:8      | Reached * piety under Ashenzari
 10449 | D:9      | Found a staircase to the Orcish Mines.
 10611 | D:9      | Noticed a two-headed ogre
 10800 | D:9      | Reached ** piety under Ashenzari
 10860 | D:9      | Killed a two-headed ogre
 11452 | D:10     | Entered Level 10 of the Dungeon
 11664 | D:10     | Noticed a two-headed ogre
 11688 | D:10     | Killed a two-headed ogre
 11689 | D:10     | Reached skill level 8 in Conjurations
 11689 | D:10     | Gained mutation: You are mostly covered in sharp spines.
                  | [demonic ancestry]
 11689 | D:10     | Reached XP level 11. HP: 14/84 MP: 6/22
 12011 | D:10     | Noticed a death yak
 12011 | D:10     | Noticed a death yak
 12064 | D:9      | Learned a level 6 spell: Starburst
 12071 | D:9      | Learned a level 6 spell: Plasma Beam
 12176 | D:10     | Found a staircase to the Lair.
 12517 | D:10     | Noticed a death yak
 12625 | D:10     | Killed a death yak
 12626 | D:10     | Reached skill level 1 in Air Magic
 12699 | D:10     | Killed a death yak
 12722 | D:10     | Killed a death yak
 12927 | Orc:1    | Entered Level 1 of the Orcish Mines
 12927 | Orc:1    | Found Nupeh's Book Boutique.
 12957 | Orc:1    | Noticed an orc knight
 12967 | Orc:1    | Noticed an orc sorcerer
 12985 | D:9      | Killed an orc knight
 13174 | Orc:1    | Killed an orc sorcerer
 13474 | Orc:1    | Reached *** piety under Ashenzari
 13568 | Orc:2    | Entered Level 2 of the Orcish Mines
 13599 | Orc:2    | Found Ygines's Book Emporium.
 13599 | Orc:2    | Noticed an ettin
 13658 | Orc:2    | Killed an ettin
 13894 | Orc:2    | Found a staircase to the Elven Halls.
 13928 | Orc:2    | Found Orimisy's General Store.
 13928 | Orc:2    | Noticed a stone giant
 13948 | Orc:2    | HP: 2/90 [stone giant/large rock (36)]
 13951 | Elf:1    | Entered Level 1 of the Elven Halls
 14204 | Orc:2    | Killed a stone giant
 14209 | Orc:2    | Noticed an orc warlord
 14217 | Elf:1    | Reached skill level 5 in Short Blades
 14217 | Elf:1    | Reached skill level 9 in Conjurations
 14219 | Elf:1    | Noticed a +0 heavy hand axe
 14219 | Elf:1    | Noticed a deep elf archer
 14223 | Elf:1    | Shot with an arrow by a deep elf archer

Illustrated notes

Levels and vault maps discovered:
D:1:      lemuel_arrival_behind_the_door_large, layout_loops_cross
D:2:      layout_basic, serial_shops, shop, shop
D:3:      layout_basic, nicolae_overflow_crystal_walls,
          lemuel_coloured_pillars_altar, mainiacjoe_overflow_alcove_4,
          uniq_sigmund, uniq_crazy_yiuf_cottage
D:4:      layout_loops_ring, mainiacjoe_overflow_alcove_1,
          gammafunk_ghost_smash, uniq_robin, uniq_eustachio
D:5:      layout_layer_cave, dk_vineyard_3, nicolae_eternal_life,
          minmay_misc_feat_tiny, chequers_jeans, uniq_duvessa
D:6:      cheibrodos_steamvent, layout_basic, okawaru_ov_weapons_minmay,
          uniq_pikel, uniq_maggie
D:7:      layout_rooms, lemuel_tele_altar, ashenzari_altar_1, temple_statues,
          serial_shops, shop, nicolae_shop_overgrown_old_shop, shop,
          hangedman_decor_diamond_cutter, uniq_menkaure
D:8:      layout_gridville, nicolae_wu_jian_wuxing_cycle, serial_shops, shop,
          uniq_maurice
D:9:      layout_big_octagon, grunt_ogre_cave
D:10:     layout_irregular_city, dpeg_lair_monsters
Orc:1:    layout_caves, serial_shops, shop
Orc:2:    grunt_orc_gardens, layout_caves, grunt_orc_garden, grunt_orc_garden,
          grunt_orc_garden, grunt_orc_garden, nicolae_orc_crystal_geode
Elf:1:    eino_elf_arrival_altar, layout_geoelf_diagonals, serial_shops, shop,
          nicolae_shop_gibbet_a_chance, nicolae_shop_back_alley_shop, shop,
          hangedman_elven_crosses_minicolossus, st_stairs_6,
          bh_hangedman_babel_library

Skill      XL: |  1  2  3  4  5  6  7  8  9 10 11 |
---------------+----------------------------------+-----
Stealth        | 2 3 4 |  4.0
Dodging        | 2 3 4 |  4.0
Fire Magic     | 3 4 5 6 7 8 |  8.6
Conjurations   | 2 3 5 6 8 9 |  9.0
Fighting       | 1 2 3 4 6 7 8 |  8.6
Spellcasting   | 3 4 5 6 7 8 |  8.4
Short Blades   | 3 5 |  5.0
Air Magic      | 3 |  3.1

Action                     |  1- 3 |  4- 6 |  7- 9 | 10-12 || total
---------------------------+-------+-------+-------+-------++-------
  Melee: Unarmed           |    38 |       |       |       ||    38
         Short sword       |    33 |    64 |    98 |       ||   195
         Dagger            |       |       |    60 |    91 ||   151
         Punch             |       |       |     4 |     1 ||     5
   Cast: Foxfire           |    23 |     6 |     2 |    10 ||    41
         Scorch            |    21 |    56 |   101 |    96 ||   274
         Flame Wave        |       |       |     7 |     5 ||    12
         Volatile Blastmot |       |       |     5 |    10 ||    15
         Starburst         |       |       |       |    18 ||    18
         Plasma Beam       |       |       |       |     1 ||     1
 Invoke: Curse Item        |       |       |     1 |     4 ||     5
  Evoke: Wand              |       |       |       |     4 ||     4
    Use: Scroll            |       |     7 |     2 |       ||     9
         Potion            |       |       |     1 |     5 ||     6
   Stab: Sleeping          |       |     1 |     7 |     2 ||    10
 Armour: Robe              |    68 |    72 |    98 |       ||   238
         Steam dragon scal |       |       |    48 |   171 ||   219
  Dodge: Dodged            |    88 |    72 |   146 |   151 ||   457

Table legend: (Time is in decaauts)
 A = Elapsed time spent in this place.
 B = Non-inter-level travel time spent in this place.
 C = Inter-level travel time spent in this place.
 D = Time resting spent in this place.
 E = Time spent auto-exploring this place.
 F = Levels seen in this place.
 G = Mean time per level.
                   A        B        C        D        E       F      G
               +--------+--------+--------+--------+--------+-----+--------+
         Total |  14225 |  13611 |    614 |   1307 |   9830 |  13 | 1094.2 |
       Dungeon |  13140 |  12544 |    596 |   1053 |   9203 |  10 | 1314.0 |
  Orcish Mines |    825 |    808 |     17 |      7 |    627 |   2 |  412.5 |
   Elven Halls |    259 |    259 |      0 |    247 |      0 |   1 |  259.0 |
               +--------+--------+--------+--------+--------+-----+--------+

Top non-repeatable levels by time:
     D:4: 1733 daAuts
     D:3: 1670 daAuts
     D:9: 1605 daAuts
    D:10: 1416 daAuts
     D:6: 1367 daAuts
     D:5: 1159 daAuts
     D:2: 1141 daAuts
     D:1: 1044 daAuts
     D:7: 1043 daAuts
     D:8: 958 daAuts
   Orc:1: 440 daAuts
   Orc:2: 384 daAuts
   Elf:1: 259 daAuts
